3AAA
BRINKLEY BELUGAS @ BLOOMINGTON LONGNECKS
07/30/2025
 
TOP OF THE 1ST
Brinkley Belugas batting - Pitching for Bloomington Longnecks : RHP Dustin Richmond
Pitching: RHP Dustin Richmond
Batting: RHB Randy Tucker 0-0: Called Strike
0-1: Ball
1-1: Ball
2-1: Fly out, F7 (Flyball, 7LM)
Batting: RHB Jay Kidd 0-0: Ball
1-0: Ball
2-0: Called Strike
2-1: Fly out, F8 (Line Drive, 8RM)
Batting: LHB Eric Porter 0-0: Ball
1-0: Ball
2-0: Ball
3-0: Foul Ball, location: 2F
3-1: SINGLE (Line Drive, 89S)
Batting: RHB Steve Jones 0-0: Foul Ball, location: 2F
0-1: Foul Ball, location: 2F
0-2: Fly out, F7 (Flyball, 7LM)
Top of the 1st over - 0 run(s), 1 hit(s), 0 error(s), 1 left on base; Brinkley 0 - Bloomington 0
BOTTOM OF THE 1ST
Bloomington Longnecks batting - Pitching for Brinkley Belugas : RHP Jean-François Chapon
Pitching: RHP Jean-François Chapon
Batting: RHB Roland Deschain 0-0: Called Strike
0-1: Foul Ball, location: 2F
0-2: Fly out, F5 (Line Drive, 56)
Batting: LHB Gonzalo López 0-0: Ball
1-0: Foul Ball, location: 2F
1-1: Ball
2-1: Swinging Strike
2-2: Ball
3-2: Foul Ball, location: 2F
3-2: Fly out, F2 (Popup, 25)
Batting: RHB Raúl Delgado 0-0: Ball
1-0: Ball
2-0: Swinging Strike
2-1: Ball
3-1: Called Strike
3-2: Strikes out swinging
Bottom of the 1st over - 0 run(s), 0 hit(s), 0 error(s), 0 left on base; Brinkley 0 - Bloomington 0
TOP OF THE 2ND
Brinkley Belugas batting - Pitching for Bloomington Longnecks : RHP Dustin Richmond
Batting: RHB Jason Weston 0-0: Swinging Strike
0-1: Ball
1-1: Called Strike
1-2: Foul Ball, location: 2F
1-2: Ball
2-2: Foul Ball, location: 2F
2-2: Ball
3-2: Strikes out looking
Batting: SHB Noel King 0-0: Ball
1-0: Ball
2-0: Foul Ball, location: 2F
2-1: Called Strike
2-2: Ground out 5-3 (Groundball, 5)
Batting: RHB Kelly Harris 0-0: Fly out, F2 (Popup, P)
Top of the 2nd over - 0 run(s), 0 hit(s), 0 error(s), 0 left on base; Brinkley 0 - Bloomington 0
BOTTOM OF THE 2ND
Bloomington Longnecks batting - Pitching for Brinkley Belugas : RHP Jean-François Chapon
Batting: RHB Darrell Terwey 0-0: SINGLE (Line Drive, 8RS)
Batting: RHB Ethan Miller 0-0: Called Strike
0-1: Ball
1-1: Ball
2-1: Grounds into double play, 5-4-3 (Groundball, 56)
Batting: LHB Fernando González 0-0: Called Strike
0-1: Foul Ball, location: 2F
0-2: Ball
1-2: Fly out, F7 (Flyball, 7LMF)
Bottom of the 2nd over - 0 run(s), 1 hit(s), 0 error(s), 0 left on base; Brinkley 0 - Bloomington 0
TOP OF THE 3RD
Brinkley Belugas batting - Pitching for Bloomington Longnecks : RHP Dustin Richmond
Batting: RHB Parker Smith 0-0: Ground out 4-3 (Groundball, 4S)
Batting: RHB Tom Christensen 0-0: Called Strike
0-1: Foul Ball, location: 2F
0-2: Strikes out swinging
Batting: RHB Randy Tucker 0-0: Called Strike
0-1: Ball
1-1: Called Strike
1-2: Ball
2-2: Ground out 6-3 (Groundball, 6)
Top of the 3rd over - 0 run(s), 0 hit(s), 0 error(s), 0 left on base; Brinkley 0 - Bloomington 0
BOTTOM OF THE 3RD
Bloomington Longnecks batting - Pitching for Brinkley Belugas : RHP Jean-François Chapon
Batting: RHB Aurelio Vázquez 0-0: Ball
1-0: Ball
2-0: SINGLE (Groundball, 6MD)
Batting: LHB Felipe López 0-0: Foul Ball, location: 2F
0-1: Ball
1-1: Ball
2-1: Ball
3-1: Called Strike
3-2: Base on Balls
Aurelio Vázquez to second
Batting: RHB Sergio Cortéz 0-0: Swinging Strike
0-1: Ball
1-1: Grounds into double play, 6-4-3 (Groundball, 6)
Aurelio Vázquez to third
Batting: RHB Roland Deschain 0-0: Fly out, F6 (Line Drive, 56)
Bottom of the 3rd over - 0 run(s), 1 hit(s), 0 error(s), 1 left on base; Brinkley 0 - Bloomington 0
TOP OF THE 4TH
Brinkley Belugas batting - Pitching for Bloomington Longnecks : RHP Dustin Richmond
Batting: RHB Jay Kidd 0-0: Ball
1-0: Ball
2-0: Called Strike
2-1: Called Strike
2-2: Foul Ball, location: 2F
2-2: Foul Ball, location: 2F
2-2: Ground out 4-3 (Groundball, 4)
Batting: LHB Eric Porter 0-0: Ball
1-0: Fly out, F3 (Line Drive, 3S)
Batting: RHB Steve Jones 0-0: Ball
1-0: Called Strike
1-1: Ball
2-1: Fly out, F6 (Popup, 6D)
Top of the 4th over - 0 run(s), 0 hit(s), 0 error(s), 0 left on base; Brinkley 0 - Bloomington 0
BOTTOM OF THE 4TH
Bloomington Longnecks batting - Pitching for Brinkley Belugas : RHP Jean-François Chapon
Batting: LHB Gonzalo López 0-0: Ball
1-0: Called Strike
1-1: Fly out, F4 (Line Drive, 34)
Batting: RHB Raúl Delgado 0-0: Swinging Strike
0-1: Ball
1-1: Ball
2-1: Ball
3-1: Ground out 6-3 (Groundball, 6)
Batting: RHB Darrell Terwey 0-0: Fly out, F3 (Popup, 3L)
Bottom of the 4th over - 0 run(s), 0 hit(s), 0 error(s), 0 left on base; Brinkley 0 - Bloomington 0
TOP OF THE 5TH
Brinkley Belugas batting - Pitching for Bloomington Longnecks : RHP Dustin Richmond
Batting: RHB Jason Weston 0-0: Called Strike
0-1: Called Strike
0-2: Ball
1-2: Strikes out swinging
Batting: SHB Noel King 0-0: DOUBLE (Flyball, 89XD)
Batting: RHB Kelly Harris 0-0: Fly out, F4 (Popup, 34D)
Batting: RHB Parker Smith 0-0: Called Strike
0-1: Ball
1-1: SINGLE (Line Drive, 6D)
Noel King to third
Runner from 3rd tries for Home, SAFE, no throw
Batting: RHB Tom Christensen 0-0: Ball
1-0: Ball
2-0: SINGLE (Groundball, 6MD)
Parker Smith to second
Runner from 2nd tries for 3rd, SAFE, throw made to third
Batting: RHB Randy Tucker 0-0: Ball
1-0: Ball
2-0: Called Strike
2-1: Swinging Strike
2-2: Foul Ball, location: 2F
2-2: Strikes out looking
Top of the 5th over - 1 run(s), 3 hit(s), 0 error(s), 2 left on base; Brinkley 1 - Bloomington 0
BOTTOM OF THE 5TH
Bloomington Longnecks batting - Pitching for Brinkley Belugas : RHP Jean-François Chapon
Batting: RHB Ethan Miller 0-0: Called Strike
0-1: Ball
1-1: Foul Ball, location: 2F
1-2: Ball
2-2: Ground out 6-3 (Groundball, 6)
Batting: LHB Fernando González 0-0: Ball
1-0: Ball
2-0: Called Strike
2-1: Ball
3-1: Foul Ball, location: 2F
3-2: Ground out 4-3 (Groundball, 34D)
Batting: RHB Aurelio Vázquez 0-0: Called Strike
0-1: Fly out, F8 (Flyball, 8RD)
Bottom of the 5th over - 0 run(s), 0 hit(s), 0 error(s), 0 left on base; Brinkley 1 - Bloomington 0
TOP OF THE 6TH
Brinkley Belugas batting - Pitching for Bloomington Longnecks : RHP Dustin Richmond
Batting: RHB Jay Kidd 0-0: Ball
1-0: Called Strike
1-1: Single, Error in OF, E7, batter to second base
Batting: LHB Eric Porter 0-0: Intentional Walk
Pitching: RHP Del Lamb
Batting: RHB Steve Jones 0-0: Ball
1-0: Called Strike
1-1: Called Strike
1-2: Fly out, F7 (Flyball, 7D)
Runner from 2nd tags up, SAFE at 3rd, no throw
Batting: RHB Jason Weston 0-0: Foul Ball, location: 2F
0-1: Foul Ball, location: 2F
0-2: Foul Ball, location: 2F
0-2: Fly out, F9 (Flyball, 9LS)
Batting: SHB Noel King 0-0: Swinging Strike
0-1: DOUBLE (Line Drive, 8LM)
Jay Kidd scores
Eric Porter to third
Batting: RHB Kelly Harris 0-0: Ball
1-0: Called Strike
1-1: Foul Ball, location: 2F
1-2: SINGLE (Flyball, 8RS)
Eric Porter scores
Noel King to third
Runner from 3rd tries for Home, SAFE, no throw
Batting: RHB Parker Smith 0-0: SINGLE (Groundball, 34D)
Kelly Harris to second
Runner from 2nd tries for 3rd, SAFE, no throw
Batting: RHB Tom Christensen 0-0: Called Strike
0-1: Called Strike
0-2: Ball
1-2: Foul Ball, location: 2F
1-2: Foul Ball, location: 2F
1-2: Fly out, F4 (Line Drive, 4)
Top of the 6th over - 3 run(s), 4 hit(s), 1 error(s), 2 left on base; Brinkley 4 - Bloomington 0
BOTTOM OF THE 6TH
Bloomington Longnecks batting - Pitching for Brinkley Belugas : RHP Jean-François Chapon
Batting: LHB Felipe López 0-0: Ball
1-0: Ball
2-0: Swinging Strike
2-1: Ground out U3 (Groundball, 3S)
Batting: RHB Sergio Cortéz 0-0: Ball
1-0: Ball
2-0: Foul Ball, location: 2F
2-1: Foul Ball, location: 2F
2-2: Strikes out swinging
Batting: RHB Roland Deschain 0-0: Fly out, F8 (Flyball, 8LD)
Bottom of the 6th over - 0 run(s), 0 hit(s), 0 error(s), 0 left on base; Brinkley 4 - Bloomington 0
TOP OF THE 7TH
Brinkley Belugas batting - Pitching for Bloomington Longnecks : RHP Del Lamb
Batting: RHB Randy Tucker 0-0: Ball
1-0: Ball
2-0: Ball
3-0: Foul Ball, location: 2F
3-1: SINGLE (Groundball, 56) (infield hit)
Batting: RHB Jay Kidd 0-0: Bunted foul
0-1: Bunt missed!
0-2: Ball
Randy Tucker steals 2nd base
1-2: Ball
2-2: Foul Ball, location: 2F
2-2: Ground out 1-3 (Groundball, 13S)
Randy Tucker to third
Batting: LHB Eric Porter 0-0: Intentional Walk
Batting: RHB Steve Jones 0-0: Fly out, F9 (Flyball, 9LS)
Batting: RHB Jason Weston 0-0: Fielders Choice at 2nd, 4-6 (Groundball, 4)
Top of the 7th over - 0 run(s), 1 hit(s), 0 error(s), 1 left on base; Brinkley 4 - Bloomington 0
BOTTOM OF THE 7TH
Bloomington Longnecks batting - Pitching for Brinkley Belugas : RHP Jean-François Chapon
Batting: LHB Gonzalo López 0-0: Foul Ball, location: 2F
0-1: Fly out, F4 (Popup, 4MS)
Batting: RHB Raúl Delgado 0-0: Ball
1-0: Foul Ball, location: 2F
1-1: Called Strike
1-2: SINGLE (Groundball, 56D)
Batting: RHB Darrell Terwey 0-0: Ball
1-0: Called Strike
1-1: Called Strike
1-2: Foul Ball, location: 2F
1-2: Fly out, F7 (Line Drive, 78S)
Batting: RHB Ethan Miller 0-0: Called Strike
0-1: Foul Ball, location: 2F
0-2: Foul Ball, location: 2F
0-2: Strikes out swinging
Bottom of the 7th over - 0 run(s), 1 hit(s), 0 error(s), 1 left on base; Brinkley 4 - Bloomington 0
TOP OF THE 8TH
Brinkley Belugas batting - Pitching for Bloomington Longnecks : RHP Del Lamb
Batting: SHB Noel King 0-0: SINGLE (Groundball, 3D)
Batting: RHB Kelly Harris 0-0: Bunted foul
0-1: Bunt missed!
0-2: Ball
1-2: Ball
2-2: Ball
3-2: SINGLE (Line Drive, 9S)
Noel King to second
Pitching: RHP Gonçalo Conxacha
Batting: RHB Parker Smith 0-0: Sac Bunt - play at first, batter OUT! U3
Noel King to third
Kelly Harris to second
Batting: RHB Tom Christensen 0-0: Ball
1-0: Called Strike
1-1: Swinging Strike
1-2: Strikes out looking
Batting: RHB Randy Tucker 0-0: Intentional Walk
Batting: RHB Jay Kidd 0-0: Ball
1-0: Swinging Strike
1-1: Ball
2-1: Foul Ball, location: 2F
2-2: Ball
3-2: Base on Balls
Noel King scores
Kelly Harris to third
Randy Tucker to second
Batting: LHB Eric Porter 0-0: Called Strike
0-1: Ground out 3-1 (Groundball, 34)
Top of the 8th over - 1 run(s), 2 hit(s), 0 error(s), 3 left on base; Brinkley 5 - Bloomington 0
BOTTOM OF THE 8TH
Bloomington Longnecks batting - Pitching for Brinkley Belugas : RHP Jean-François Chapon
Now at 1B: Manny Carbajal
Batting: LHB Fernando González 0-0: Fly out, F7 (Flyball, 7S)
Batting: RHB Aurelio Vázquez 0-0: Ball
1-0: Fly out, F8 (Flyball, 8LS)
Batting: LHB Felipe López 0-0: Called Strike
0-1: Ball
1-1: SINGLE (Line Drive, 56)
Batting: RHB Sergio Cortéz 0-0: Called Strike
0-1: Ball
1-1: Called Strike
1-2: Ball
2-2: Fly out, F8 (Flyball, 8RM)
Bottom of the 8th over - 0 run(s), 1 hit(s), 0 error(s), 1 left on base; Brinkley 5 - Bloomington 0
TOP OF THE 9TH
Brinkley Belugas batting - Pitching for Bloomington Longnecks : RHP Gonçalo Conxacha
Batting: RHB Steve Jones 0-0: Ball
1-0: Ball
2-0: Called Strike
2-1: Foul Ball, location: 2F
2-2: Ground out 1-3 (Groundball, P)
Batting: RHB Jason Weston 0-0: Ground out 6-3 (Groundball, 6)
Batting: SHB Noel King 0-0: Ball
1-0: Ball
2-0: Ball
3-0: Base on Balls
Batting: RHB Kelly Harris 0-0: Called Strike
Noel King is caught stealing 2nd base
Top of the 9th over - 0 run(s), 0 hit(s), 0 error(s), 0 left on base; Brinkley 5 - Bloomington 0
BOTTOM OF THE 9TH
Bloomington Longnecks batting - Pitching for Brinkley Belugas : RHP Jean-François Chapon
Batting: RHB Roland Deschain 0-0: Ball
1-0: Called Strike
1-1: Ball
2-1: SINGLE (Groundball, 56D)
Pitching: RHP Chang-keun Hyon
Batting: LHB Gonzalo López 0-0: Swinging Strike
0-1: SINGLE (Groundball, 34D)
Roland Deschain to second
Runner from 2nd tries for 3rd, SAFE, throw made to third
Gonzalo López to second
Batting: RHB Raúl Delgado 0-0: Ball
1-0: Called Strike
1-1: Ground out 4-3 (Groundball, 4)
Roland Deschain scores
Gonzalo López to third
Batting: RHB Darrell Terwey 0-0: Ground out 5-3 (Groundball, 56)
Gonzalo López scores
Batting: RHB Ethan Miller 0-0: Ball
1-0: Ball
2-0: Foul Ball, location: 2F
2-1: Ground out 5-3 (Groundball, 56)
Bottom of the 9th over - 2 run(s), 2 hit(s), 0 error(s), 0 left on base; Brinkley 5 - Bloomington 2
Friday, December 30th, 2016 - OOTP Baseball 17.12 Build 75